 Dungeon Crawl Stone Soup version 0.27-a0-1200-g94dc6ad4cf (webtiles) character file.

Game seed: 384400381602697755

35560 Conn the Eclecticist (level 13, 0/66 HPs)
             Began as a Deep Elf Fire Elementalist on May 31, 2021.
             Was an Elder of Sif Muna.
             Slain by an eight-headed hydra (2 damage)
             ... while petrified by a catoblepas
             ... on level 4 of the Lair of Beasts.
             The game lasted 01:03:01 (19414 turns).

Conn the Eclecticist (Deep Elf Fire Elementalist)  Turns: 19414, Time: 01:03:02

Health: 0/66       AC: 12    Str:  3 (5)  XL:     13   Next: 48%
Magic:  28/34      EV:  2    Int: 37 (38) God:    Sif Muna [****..]
Gold:   935        SH:  0    Dex: 13 (15) Spells: 18/42 levels left

rFire    + + .     SeeInvis .   u - +10 hand axe of the Moon {flame, Drain Int+6}
rCold    + . .     Faith    .   (no shield)
rNeg     + + +     Spirit   .   G - +2 robe {Will+}
rPois    ∞         Reflect  .   T - +2 hat
rElec    .         Harm     .   f - scarf {rC+ rF+}
rCorr    .         Rampage  .   j - +2 pair of gloves
Will     ++...                  V - +2 pair of boots
Stlth    ++........             E - amulet of regeneration
HPRegen  1.21/turn              o - +6 ring of intelligence
MPRegen  0.24/turn              Y - ring of protection from fire

@: petrified
A: mutation resistance 1, wild magic 1
a: Renounce Religion, Channel Magic, Forget Spell, Divine Exegesis


You were on level 4 of the Lair of Beasts.
You worshipped Sif Muna.
Sif Muna was greatly pleased with you.
You visited 3 branches of the dungeon, and saw 17 of its levels.
You also visited: Sewer and Volcano.

You collected 935 gold pieces.

Inventory:

Hand Weapons
 u - the +10 hand axe of the Moon (weapon) {flame, Drain Int+6}
   (You found it on level 4 of the Dungeon)

   It has been specially enchanted to burn those struck by it, causing extra
   injury to most foes and up to half again as much damage against particularly
   susceptible opponents.
   Big, fiery blades are also staple armaments of hydra-hunters.
   It affects your intelligence (+6).
   It drains your maximum health when unequipped.
Missiles
 l - 4 atropa-tipped darts
 x - 8 javelins (quivered)
Armour
 d - a +0 tower shield
 f - a scarf of resistance (worn)
 j - a +2 pair of gloves (worn)
 G - a +2 robe of willpower (worn)
 I - +0 swamp dragon scales
 M - a +1 cloak
 T - a +2 hat (worn)
 V - a +2 pair of boots (worn)
Magical Staves
 c - a staff of cold
 r - a staff of poison
 K - a staff of earth
Jewellery
 e - a ring of ice
 h - a ring of willpower
 o - a +6 ring of intelligence (left hand)
 E - an amulet of regeneration (around neck)
 N - a ring of ice
 X - a ring of wizardry
 Y - a ring of protection from fire (right hand)
Wands
 n - a wand of flame (29)
 C - a wand of digging (7)
 Q - a wand of polymorph (12)
 S - a wand of iceblast (27)
Scrolls
 a - a scroll of immolation {unknown}
 b - a scroll of silence
 k - a scroll of enchant weapon {unknown}
 q - a scroll of fog
 s - a scroll of amnesia
 t - a scroll of holy word {unknown}
 v - a scroll of blinking
 y - 5 scrolls of teleportation
 F - 8 scrolls of identify
 J - 2 scrolls of summoning
 R - 2 scrolls of vulnerability {unknown}
 U - a scroll of torment
 W - a scroll of brand weapon {unknown}
Potions
 g - 2 potions of heal wounds
 i - a potion of invisibility
 w - a potion of flight
 A - 2 potions of curing
 H - 2 potions of lignification
 L - a potion of resistance
 O - a potion of magic {unknown}
 Z - a potion of might {unknown}


   Skills:
 + Level 1.9 Fighting
 + Level 3.4 Axes
 + Level 0.2 Throwing
 + Level 4.9 Dodging
 + Level 4.1 Stealth
 * Level 15.2 Spellcasting
 * Level 11.9 Conjurations
 + Level 3.7 Summonings
 + Level 5.6 Translocations
 * Level 12.4 Fire Magic
 + Level 3.3 Air Magic
 + Level 3.3 Poison Magic
 * Level 7.8 Invocations
 + Level 0.1 Evocations


You had 18 spell levels left.
You knew the following spells:

 Your Spells              Type           Power      Damage    Failure   Level
a - Foxfire               Conj/Fire      100%       2x1d9     1%          1
b - Conjure Flame         Conj/Fire      100%       6-21      1%          3
c - Inner Flame           Hex/Fire       77%        N/A       1%          3
d - Sticky Flame          Conj/Fire      100%       2d11      1%          4
e - Fireball              Conj/Fire      50%        3d20      1%          5
f - Blink                 Tloc           N/A        N/A       1%          2
g - Call Imp              Summ           64%        N/A       1%          2
h - Mephitic Cloud        Conj/Pois/Air  77%        N/A       1%          3
i - Apportation           Tloc           100%       N/A       1%          1

Your spell library contained the following spells:

 Spells                   Type           Power      Damage    Failure   Level
 Magic Dart               Conj           100%       1d8       1%          1
 Summon Small Mammal      Summ           100%       N/A       1%          1
 Dazzling Flash           Conj/Hex       100%       N/A       1%          3
 Animate Skeleton         Necr           72%        N/A       2%          1
 Corona                   Hex            40%        N/A       2%          1
 Ensorcelled Hibernation  Hex/Ice        72%        N/A       3%          2
 Slow                     Hex            36%        N/A       3%          2
 Confusing Touch          Hex            36%        N/A       6%          3
 Tukima's Dance           Hex            36%        N/A       6%          3
 Cause Fear               Hex            18%        N/A       19%         4
 Silence                  Hex/Air        26%        N/A       24%         5
 Yara's Violent Unravell  Hex/Tmut       18%        3d9       43%         5
 Discord                  Hex            18%        N/A       100%        8


Dungeon Overview and Level Annotations

Branches:
Dungeon (12/15)            Temple (1/1) D:7            Lair (4/6) D:9
  Swamp (0/4) Lair:3       Spider (0/4) Lair:3          Orc (0/2) D:9
  Sewer (visited)         Volcano (visited)

Altars:
Ashenzari
Cheibriados
Dithmenos
Fedhas
Gozag
Makhleb
Nemelex Xobeh
Ru
Sif Muna
Uskayaw
Vehumet
Xom
Yredelemnul
Zin
The Shining One


Innate Abilities, Weirdness & Mutations

You are somewhat resistant to further mutation.
Your spells are a little harder to cast, but a little more powerful.


Message History

Really walk into that cloud of calcifying dust?
You are engulfed in calcifying dust.
You see here a scroll of magic mapping.
Casting: Blink (safe; 1% risk of failure)
Confirm with . or Enter, or press ? or * to list all spells.
You blink.
Casting: Blink (safe; 1% risk of failure)
Confirm with . or Enter, or press ? or * to list all spells.
You blink.
You are engulfed in calcifying dust.
You are slowing down.
Your surroundings suddenly seem different.
Found a ring mail and a chain mail.
An eight-headed hydra comes into view.
Your limbs are stiffening.
You have turned to stone.
The eight-headed hydra completely misses you.
The eight-headed hydra bites you.
The eight-headed hydra barely misses you.
The eight-headed hydra bites you. The eight-headed hydra bites you! x3
The eight-headed hydra bites you. The eight-headed hydra bites you.
The eight-headed hydra bites you! x2
The eight-headed hydra bites you but does no damage.
The eight-headed hydra bites you! x2
The eight-headed hydra bites you but does no damage.
The eight-headed hydra bites you! The eight-headed hydra bites you! x2
* * * LOW HITPOINT WARNING * * *
The eight-headed hydra bites you.
* * * LOW HITPOINT WARNING * * *
The eight-headed hydra bites you.
* * * LOW HITPOINT WARNING * * *
The eight-headed hydra bites you!
* * * LOW HITPOINT WARNING * * *
The eight-headed hydra bites you!
* * * LOW HITPOINT WARNING * * *
The eight-headed hydra bites you.
* * * LOW HITPOINT WARNING * * *
The eight-headed hydra bites you but does no damage.
The eight-headed hydra bites you.
You die...

#.<......... #....
#............#
#...#
##...........##
#....
##...........[#
#....
..............###
.................
..................
.................[.
#.@##.......
###D........
###....... .......
....... .......
....... .......
.......


You could see an eight-headed hydra.

Vanquished Creatures
  Fannar (Lair:3)
  4 hydras
  Erica (Lair:2)
  2 two-headed ogres
  5 death yaks
  Urug (Lair:2)
  2 bog bodies (Lair:3)
  A deep elf pyromancer (D:9)
  3 oklob plants (Lair:3)
  A manticore (D:11)
  3 black mambas
  7 cane toads
  A torpor snail (Lair:2)
  A rime drake (Lair:3)
  Maggie (D:6)
  6 komodo dragons
  2 trolls
  3 polar bears
  Grinder (D:5)
  11 blink frogs (Lair:2)
  4 shadows
  32 yaks
  6 humans (D:11)
  3 redbacks (Lair:3)
  2 wyverns
  3 steam dragons
  3 vampire mosquitoes (D:8)
  3 basilisks
  2 hell hounds (Lair:3)
  12 water moccasins
  3 orc warriors
  3 ice beasts
  2 black bears
  A hornet zombie (D:9)
  8 centaurs
  3 ogres
  13 wolves
  A phantom (D:4)
  A kobold brigand (D:10)
  Blork the orc (D:6)
  A gnoll sergeant (D:5)
  A wyvern zombie (D:8)
  10 bullfrogs
  A scorpion (D:6)
  A water moccasin zombie (D:9)
  A water moccasin skeleton (D:6)
  3 electric eels
  8 wights
  8 howler monkeys
  2 bullfrog zombies
  A centaur zombie (D:7)
  10 hounds
  Crazy Yiuf (D:6)
  6 orc priests
  A gnoll shaman (D:10)
  Jessica (D:2)
  An iguana (D:6)
  11 orc wizards
  12 adders
  10 gnolls
  A river rat (D:3)
  A white imp (D:7)
  An ufetubus (D:6)
  An adder skeleton (D:4)
  5 worms
  3 dart slugs
  25 orcs
  24 ball pythons
  4 bats
  16 endoplasms
  12 giant cockroaches
  7 goblins
  6 hobgoblins
  15 jackals
  10 quokkas
  12 frilled lizards
  12 kobolds
  11 rats
419 creatures vanquished.

Vanquished Creatures (collateral kills)
  4 foxfires
4 creatures vanquished.

Vanquished Creatures (others)
  1191 foxfires
  26 fungi
  56 plants
1273 creatures vanquished.

Grand Total: 1696 creatures vanquished

Notes
Turn   | Place    | Note
-------+----------+-------------------------------------------
     0 | D:1      | Conn the Deep Elf Fire Elementalist began the quest for the
                  | Orb.
     0 | D:1      | Reached XP level 1. HP: 10/10 MP: 6/6
   236 | D:1      | Reached XP level 2. HP: 15/15 MP: 5/8
   915 | D:1      | Reached XP level 3. HP: 19/19 MP: 10/10
  1586 | D:2      | Learned a level 3 spell: Conjure Flame
  1590 | D:2      | Learned a level 3 spell: Inner Flame
  1841 | D:2      | Reached skill level 4 in Spellcasting
  1884 | D:2      | Noticed Jessica
  1891 | D:2      | Killed Jessica
  1892 | D:2      | Reached XP level 4. HP: 24/24 MP: 6/12
  2585 | D:3      | Learned a level 4 spell: Sticky Flame
  2677 | D:3      | Found a hide-covered altar of Uskayaw.
  3026 | D:3      | Reached XP level 5. HP: 25/28 MP: 8/13
  3052 | D:3      | Found a glowing drain.
  3089 | Sewer    | Entered a sewer
  3092 | Sewer    | Reached skill level 5 in Fire Magic
  3405 | Sewer    | Reached skill level 5 in Spellcasting
  3874 | Sewer    | Reached XP level 6. HP: 32/32 MP: 13/16
  4366 | D:4      | Reached skill level 6 in Spellcasting
  4531 | D:4      | Identified the +10 hand axe of the Moon {flame, Drain
                  | Int+6}
  4540 | D:4      | Found an opulent altar of Gozag.
  4549 | D:4      | Learned a level 5 spell: Fireball
  5047 | D:5      | Entered Level 5 of the Dungeon
  5236 | D:5      | Reached XP level 7. HP: 36/36 MP: 10/18
  5457 | D:5      | Reached skill level 7 in Spellcasting
  5883 | D:5      | Noticed Grinder
  5884 | D:5      | Paralysed by Grinder for 3 turns
  5892 | D:5      | Killed Grinder
  5893 | D:5      | Reached skill level 8 in Spellcasting
  5893 | D:5      | Reached skill level 5 in Conjurations
  5893 | D:5      | Reached XP level 8. HP: 41/41 MP: 6/22
  6079 | D:5      | Learned a level 2 spell: Blink
  6082 | D:5      | Learned a level 2 spell: Call Imp
  6086 | D:5      | Learned a level 3 spell: Mephitic Cloud
  6099 | D:6      | Noticed Blork the orc
  6103 | D:6      | Killed Blork the orc
  6245 | D:6      | Noticed Maggie
  6254 | D:6      | Killed Maggie
  6255 | D:6      | Reached skill level 1 in Summonings
  6255 | D:6      | Reached skill level 1 in Translocations
  6255 | D:6      | Reached skill level 1 in Air Magic
  6255 | D:6      | Reached skill level 1 in Poison Magic
  6593 | D:6      | Found a runed translucent door.
  6594 | D:6      | Noticed Crazy Yiuf
  6609 | D:6      | Killed Crazy Yiuf
  6692 | D:6      | Reached skill level 9 in Spellcasting
  6783 | D:6      | Reached XP level 9. HP: 45/45 MP: 13/24
  7228 | D:8      | Reached skill level 1 in Axes
  7371 | D:8      | Reached skill level 10 in Spellcasting
  7752 | D:8      | Noticed a two-headed ogre
  7783 | D:8      | Killed a two-headed ogre
  7890 | D:8      | Reached XP level 10. HP: 51/51 MP: 9/26
  8852 | D:7      | Found a staircase to the Ecumenical Temple.
  8861 | Temple   | Entered the Ecumenical Temple
  8881 | Temple   | Became a worshipper of Sif Muna the Loreminder
  9394 | D:9      | Reached skill level 11 in Spellcasting
  9593 | D:9      | Reached skill level 1 in Invocations
  9668 | D:9      | Noticed a deep elf pyromancer
  9672 | D:9      | Killed a deep elf pyromancer
  9789 | D:9      | Found a blossoming altar of Fedhas.
  9790 | D:9      | Found a staircase to the Lair.
  9790 | D:9      | Found a glowing golden altar of the Shining One.
  9790 | D:9      | Found a basalt altar of Yredelemnul.
  9791 | D:9      | Found a sparkling altar of Nemelex Xobeh.
  9993 | D:9      | Reached * piety under Sif Muna
 10060 | D:9      | Found a shimmering altar of Xom.
 10067 | D:9      | Found a staircase to the Orcish Mines.
 10619 | D:9      | You fall into a shaft and drop 3 floors!
 10781 | D:11     | Reached XP level 11. HP: 53/55 MP: 26/28
 10785 | D:11     | Reached skill level 10 in Fire Magic
 10805 | D:11     | Reached skill level 12 in Spellcasting
 11049 | D:11     | Noticed a two-headed ogre
 11058 | D:11     | Killed a two-headed ogre
 11059 | D:11     | Reached skill level 1 in Fighting
 11284 | D:11     | Reached ** piety under Sif Muna
 11819 | D:10     | Entered Level 10 of the Dungeon
 12130 | D:10     | Reached skill level 5 in Invocations
 12510 | D:10     | Found a broken altar of Ashenzari.
 13363 | Lair:1   | Entered Level 1 of the Lair of Beasts
 13513 | Lair:1   | Reached *** piety under Sif Muna
 13651 | Lair:1   | Reached skill level 5 in Translocations
 13921 | Lair:1   | Reached skill level 10 in Conjurations
 13921 | Lair:1   | Reached XP level 12. HP: 59/60 MP: 20/30
 14102 | Lair:1   | Noticed an eight-headed hydra
 14106 | Lair:1   | Killed an eight-headed hydra
 14358 | Lair:1   | Reached skill level 13 in Spellcasting
 14735 | Lair:2   | Noticed Urug
 14870 | Lair:2   | Noticed a five-headed hydra
 14896 | Lair:2   | Noticed a death yak
 14948 | Lair:2   | Killed a five-headed hydra
 15139 | Lair:2   | Noticed Erica
 15140 | Lair:2   | Killed Urug
 15154 | Lair:2   | Killed Erica
 15545 | Lair:2   | Killed a death yak
 15842 | Lair:2   | Noticed a six-headed hydra
 15848 | Lair:2   | Killed a six-headed hydra
 15849 | Lair:2   | Reached skill level 14 in Spellcasting
 17043 | Lair:3   | Noticed a death yak
 17043 | Lair:3   | Noticed a death yak
 17043 | Lair:3   | Noticed a death yak
 17044 | Lair:3   | Noticed a death yak
 17065 | Lair:2   | Killed a death yak
 17213 | Lair:3   | Killed a death yak
 17213 | Lair:3   | Reached **** piety under Sif Muna
 17214 | Lair:3   | Reached XP level 13. HP: 53/65 MP: 1/33
 17348 | Lair:3   | Found a dark tunnel.
 17380 | Volcano  | Entered a volcano
 17383 | Volcano  | Learned a level 1 spell: Apportation
 17597 | Lair:3   | Found a hole to the Spider Nest.
 17617 | Lair:3   | Noticed Fannar
 17624 | Lair:3   | Killed Fannar
 17726 | Lair:3   | Gained mutation: You are somewhat resistant to further
                  | mutation. [potion of mutation]
 17726 | Lair:3   | Gained mutation: Your spells are a little harder to cast,
                  | but a little more powerful. [potion of mutation]
 17869 | Lair:3   | Found a staircase to the Swamp.
 18753 | Lair:3   | Reached skill level 15 in Spellcasting
 19413 | Lair:4   | HP: 2/66 [eight-headed hydra (4)]
 19414 | Lair:4   | Slain by an eight-headed hydra

Illustrated notes

Levels and vault maps discovered:
D:1:      doesnt_arrival_eight_statues, layout_loops_corners
D:2:      layout_loops_ring, serial_rivers, chequers_serial_rivers_marsh,
          chequers_serial_rivers_marsh, chequers_serial_rivers_micro_c,
          chequers_serial_rivers_large_b, chequers_serial_rivers_micro_d,
          minmay_misc_feat_diagonals, hangedman_decor_opposing, uniq_jessica
D:3:      layout_loops_cross, eat_drink_and_be_merry_uskayaw,
          portal_sewer_entry_e, minmay_strange_pillars
D:4:      layout_basic, lemuel_crystal_altar, serial_forest,
          infiniplex_forest_lined_1, infiniplex_forest_3_way,
          infiniplex_forest_clump_small, infiniplex_forest_straight_2,
          infiniplex_forest_clump_small, infiniplex_forest_end_2
D:5:      layout_basic, lightli_minifort, uniq_grinder
D:6:      layout_gridville, uniq_crazy_yiuf_cottage, uniq_blork_the_orc,
          uniq_maggie
D:7:      layout_rooms, minmay_temple_entry_large_hall,
          minmay_misc_feat_ornament, minmay_misc_feat_encased
D:8:      minmay_skewed_foursquare, layout_cave_pools
D:9:      layout_basic, nicolae_overflow_hidden_temple,
          chequers_temple_overflow_statue_of_worship, erik_lair_island,
          orc_0_dummy
D:10:     layout_basic, lemuel_round_altar
D:11:     erik_cavepeople, layout_basic
D:12:     layout_long_grid
Temple:   eino_temple_water
Lair:1:   layout_cellular_growth, serial_bayou_pond_a, grunt_megastairs_4
Lair:2:   layout_roguey, serial_bayou, serial_bayou_ford_a, serial_bayou_pond_a,
          serial_bayou_crossing, serial_bayou_pond_d, serial_bayou_shore_a,
          uniq_erica, uniq_urug
Lair:3:   layout_roguey, skrybe_swamp_entry_bodies, spider_nest_entry_webs,
          special_room, enter_volcano_3, minmay_lair_oklob_chamber, uniq_fannar
Lair:4:   layout_small_grid, hangedman_lair_generics_rect, grunt_megastairs_5

Skill      XL: |  1  2  3  4  5  6  7  8  9 10 11 12 13 |
---------------+----------------------------------------+-----
Fire Magic     | 4 5 6 7 8 9 10 11 12 | 12.4
Spellcasting   | 4 5 6 8 9 10 11 12 14 15 | 15.2
Conjurations   | 2 3 5 7 8 10 11 | 11.9
Stealth        | 3 4 |  4.1
Summonings     | 2 3 |  3.7
Translocations | 1 3 5 |  5.6
Air Magic      | 1 2 3 |  3.3
Poison Magic   | 2 3 |  3.3
Axes           | 1 2 3 |  3.4
Dodging        | 3 4 |  4.9
Invocations    | 2 5 7 |  7.8
Fighting       | 1 |  1.9
Throwing       | |  0.2
Evocations     | |  0.1

Action                   |  1- 3 |  4- 6 |  7- 9 | 10-12 | 13-15 || total
-------------------------+-------+-------+-------+-------+-------++-------
Melee: Staff             |     1 |       |       |       |       ||     1
       Dagger            |       |     1 |       |       |       ||     1
       Hand axe          |       |       |    22 |    78 |    46 ||   146
Throw: Throwing net      |       |       |     1 |       |       ||     1
       Javelin           |       |       |     2 |       |       ||     2
 Cast: Foxfire           |    79 |   164 |   101 |   292 |    35 ||   671
       Sticky Flame      |       |       |     8 |    44 |    17 ||    69
       Conjure Flame     |       |       |    12 |    15 |     1 ||    28
       Fireball          |       |       |    15 |    81 |    31 ||   127
       Mephitic Cloud    |       |       |     6 |    14 |     3 ||    23
       Blink             |       |       |     1 |     2 |     8 ||    11
Evoke: Wand              |       |       |       |     1 |       ||     1
  Use: Scroll            |       |     4 |     3 |     2 |     5 ||    14
       Potion            |       |     2 |     2 |     3 |     5 ||    12
 Stab: Confused          |       |       |       |     5 |       ||     5
       Sleeping          |       |       |       |       |     1 ||     1
Armor: Robe              |     9 |    11 |    14 |    61 |    37 ||   132
       Skin              |       |       |     1 |       |       ||     1
Dodge: Dodged            |    26 |    23 |    42 |   125 |    65 ||   281

Table legend: (Time is in decaauts)
 A = Elapsed time spent in this place.
 B = Non-inter-level travel time spent in this place.
 C = Inter-level travel time spent in this place.
 D = Time resting spent in this place.
 E = Time spent auto-exploring this place.
 F = Levels seen in this place.
 G = Mean time per level.
                   A        B        C        D        E       F      G
               +--------+--------+--------+--------+--------+-----+--------+
         Total |  19623 |  19262 |    361 |   3166 |  10707 |  19 | 1032.8 |
       Dungeon |  12561 |  12287 |    274 |   1710 |   7044 |  12 | 1046.8 |
        Temple |     39 |     20 |     19 |      0 |     11 |   1 |   39.0 |
          Lair |   6095 |   6028 |     67 |   1407 |   3121 |   4 | 1523.8 |
         Sewer |    890 |    890 |      0 |     49 |    531 |   1 |  890.0 |
       Volcano |     35 |     35 |      0 |      0 |      0 |   1 |   35.0 |
               +--------+--------+--------+--------+--------+-----+--------+

Top non-repeatable levels by time:
  Lair:2: 2154 daAuts
  Lair:1: 1879 daAuts
     D:9: 1708 daAuts
  Lair:3: 1643 daAuts
     D:1: 1580 daAuts
     D:8: 1315 daAuts
    D:10: 1296 daAuts
    D:11: 1197 daAuts
     D:5: 1088 daAuts
     D:2: 1030 daAuts
     D:6: 898 daAuts
   Sewer: 890 daAuts
     D:4: 844 daAuts
     D:3: 813 daAuts
     D:7: 778 daAuts
